 Dungeon Crawl Stone Soup version 0.28.0-43-g3370ac3207 (webtiles) character file.

Game seed: 1753564839807504159

21479 Mattiprrivan the Carver (level 12, -1/154 HPs)
             Began as a Grey Draconian Berserker on Mar 19, 2022.
             Was an Elder of Trog.
             Slain by a harpy (2 damage)
             ... on level 1 of the Shoals on Mar 25, 2022.
             The game lasted 01:16:48 (14839 turns).

Mattiprrivan the Carver (Grey Draconian Berserker) Turns: 14839, Time: 01:16:49

Health: -1/154     AC: 16    Str: 24    XL:     12   Next: 54%
Magic:  0/21       EV: 17    Int:  8    God:    Trog [****..]
Gold:   957        SH:  6    Dex: 19    Spells: 11/11 levels left

rFire   . . .      SeeInvis .   p - +3 falchion (freeze)
rCold   + . .      Faith    .   a - +0 buckler
rNeg    . . .      Spirit   +   (armour unavailable)
rPois   .          Reflect  .   (helmet restricted)
rElec   .          Harm     .   (no cloak)
rCorr   .          Rampage  .   m - +0 pair of gloves
Will    .....                   y - +1 pair of boots
Stlth   ..........              v - amulet of guardian spirit
HPRegen 0.35/turn               i - +6 ring of dexterity
MPRegen 0.17/turn               c - ring of magical power

@: berserking, very quick
A: AC +13, amphibious, unfitting armour, cold-blooded, agile 1, cold resistance
1, deterioration 1
a: Renounce Religion, Berserk, Trog's Hand, Brothers in Arms


You were on level 1 of the Shoals.
You worshipped Trog.
Trog was greatly pleased with you.
You visited 3 branches of the dungeon, and saw 13 of its levels.

You collected 957 gold pieces.

Inventory:

Hand Weapons
 o - a +3 long sword
 p - a +3 falchion of freezing (weapon)
Missiles
 s - 2 boomerangs
 w - 6 curare-tipped darts (quivered)
Armour
 a - a +0 buckler (worn)
 m - a +0 pair of gloves (worn)
 y - a +1 pair of boots (worn)
Jewellery
 c - a ring of magical power (right hand)
 d - a ring of ice
 i - a +6 ring of dexterity (left hand)
 u - a ring of resist corrosion
 v - an amulet of guardian spirit (around neck)
 A - a ring of fire
Wands
 f - a wand of paralysis (4)
 r - a wand of polymorph (5)
 B - a wand of iceblast (2)
Scrolls
 e - 2 scrolls of immolation
 g - 3 scrolls of teleportation
 j - 2 scrolls of identify
 x - a scroll of fear
Potions
 b - 2 potions of curing
 h - 2 potions of berserk rage
 k - a potion of haste
 l - 4 potions of flight
 n - a potion of cancellation
 q - a potion of resistance
 t - a potion of magic
 z - 2 potions of might


   Skills:
 * Level 8.7 Fighting
 * Level 12.0 Long Blades
 * Level 5.9 Throwing
 * Level 8.5 Dodging
 * Level 6.8 Stealth
 * Level 4.7 Shields
 * Level 6.5 Unarmed Combat
 * Level 5.4 Evocations


You had 11 spell levels left.
You didn't know any spells.
Your spell library was empty.

Dungeon Overview and Level Annotations

Branches:
Dungeon (10/15)            Temple (0/1) D:5            Lair (2/6) D:10
 Shoals (1/4) Lair:2
  Snake: Lair:2-4    Spider: Lair:2-4       Orc: D:9-12

Altars:
Ashenzari
Cheibriados
Dithmenos
Elyvilon
Gozag
Kikubaaqudgha
Nemelex Xobeh
Okawaru
Ru
Uskayaw
Xom
Zin
The Shining One

Portals:
Abyss: Lair:2

Annotations:
Lair:2 2 transporters, Nymaqeth's ghost, journeyman DDEE


Innate Abilities, Weirdness & Mutations

Your dull iron-grey scales are very hard. (AC +13)
You are amphibious.
You cannot fit into any form of body armour.
You are cold-blooded and may be slowed by cold attacks.
You are agile. (Dex +2)
Your flesh is cold resistant. (rC+)
Your body sometimes deteriorates upon taking damage.


Message History

The harpy claws you! The harpy closely misses you.
The harpy claws you but does no damage. The snapping turtle closely misses you.
You slash the harpy! You freeze the harpy.
Your tail-slap misses the harpy.
The harpy is almost dead.
The harpy barely misses you. You block the harpy's attack.
The harpy claws you but does no damage. x2; The harpy barely misses you. x2
The harpy claws you! x2
* * * LOW HITPOINT WARNING * * *
You hit the harpy. You freeze the harpy.
You kill the harpy!
Trog accepts your kill. The harpy barely misses you.
The harpy claws you but does no damage.
The harpy completely misses you. x2; The harpy closely misses you. x2
You block the snapping turtle's attack.
Your Long Blades skill increases to level 12!
You barely miss the harpy.
The harpy screeches! x2
The harpy misses you. The harpy completely misses you.
The harpy closely misses you. The harpy claws you.
* * * LOW HITPOINT WARNING * * *
The harpy claws you.
* * * LOW HITPOINT WARNING * * *
You block the harpy's attack. The harpy claws you!
* * * LOW HITPOINT WARNING * * *
The harpy claws you but does no damage.
You slash the harpy! You freeze the harpy.
The harpy is moderately wounded.
The harpy claws you but does no damage. You block the harpy's attack.
The harpy misses you. You block the harpy's attack. The harpy claws you!
* * * LOW HITPOINT WARNING * * *
The harpy barely misses you.
The snapping turtle bites you from afar!
* * * LOW HITPOINT WARNING * * *
You slash the harpy! You freeze the harpy.
Your tail-slap misses the harpy.
The harpy is almost dead.
The harpy claws you!
* * * LOW HITPOINT WARNING * * *
The harpy claws you but does no damage. x2; You block the harpy's attack.
The harpy claws you.
You die...

..≈≈≈≈≈ .≈≈≈
.≈≈≈≈≈≈ #≈≈≈
..≈≈≈≈≈ ..≈≈≈
...≈≈≈≈ .≈≈≈≈
≈.≈.≈≈≈ ..≈≈≈.
≈≈≈≈≈≈≈
.....t##.≈≈≈≈≈≈
≈(....†@†(≈≈≈≈≈
≈≈....HHH.≈≈≈≈≈
≈≈≈......#.≈≈≈≈
≈≈≈......# .≈≈≈
≈≈≈≈≈≈≈≈≈. ≈≈≈
≈≈≈≈≈≈≈≈≈≈≈ ≈≈
≈≈≈≈≈≈≈≈≈≈≈≈ ≈
≈≈≈≈≈≈≈≈≈≈≈≈≈
≈≈≈≈≈≈≈≈≈≈≈≈≈≈


You could see a snapping turtle and 3 harpies.

Vanquished Creatures
  2 boulder beetles (D:9)
  2 centaur warriors (D:9)
  A hydra (D:9)
  A two-headed ogre (D:9)
  Sonja (Lair:2)
  Nergalle (Lair:2)
  A harpy (Shoals:1)
  A manticore (Shoals:1)
  A cyclops (D:9)
  A black mamba (Lair:2)
  4 cane toads (Lair:1)
  A merfolk siren (Lair:2)
  A rime drake (Lair:1)
  An unseen horror (D:10)
  5 komodo dragons
  A polar bear (Lair:1)
  3 merfolk (Lair:2)
  Grinder (D:6)
  2 trolls (D:9)
  2 wraiths (D:10)
  32 yaks
  3 steam dragons
  2 wargs (D:10)
  A vampire mosquito (D:7)
  3 acid dragons
  5 water moccasins
  8 orc warriors
  An ice beast (D:8)
  A sky beast (D:7)
  2 necrophages
  2 ogres
  4 wolves (Lair:1)
  3 centaurs
  A kobold brigand (D:7)
  7 bullfrogs
  2 gnoll sergeants
  3 scorpions
  3 killer bees (D:9)
  3 wights (D:7)
  2 howler monkeys (D:9)
  3 electric eels (D:9)
  2 centaur zombies
  A hound (D:5)
  A jelly (D:7)
  3 orc priests
  A centaur skeleton (D:7)
  A gnoll shaman (D:10)
  A bullfrog skeleton (D:6)
  Jessica (D:3)
  13 orc wizards
  Natasha (D:3)
  An iguana (D:4)
  Terence (D:3)
  A hound skeleton (D:4)
  3 howler monkey zombies
  Robin (D:3)
  21 gnolls
  7 adders
  A shadow imp (D:5)
  An adder skeleton (D:4)
  A dart slug (D:2)
  A worm (D:5)
  29 orcs
  10 endoplasms
  A giant cockroach (D:2)
  17 goblins
  8 hobgoblins
  9 jackals
  13 kobolds
  A quokka (D:1)
  4 ball pythons
  12 bats
  6 frilled lizards
  6 rats
304 creatures vanquished.

Vanquished Creatures (others)
  A scorpion (D:7)
  An iguana (D:7)
  An orc (D:7)
  6 fungi
  13 plants
22 creatures vanquished.

Grand Total: 326 creatures vanquished

Notes
Turn   | Place    | Note
-------+----------+-------------------------------------------
     0 | D:1      | Mattiprrivan the Draconian Berserker began the quest for
                  | the Orb.
     0 | D:1      | Reached XP level 1. HP: 19/19 MP: 1/1
   157 | D:1      | Reached XP level 2. HP: 22/26 MP: 2/2
   553 | D:1      | Found a shadowy altar of Dithmenos.
   729 | D:1      | Reached ** piety under Trog
   842 | D:2      | Found a faded altar of an unknown god.
   892 | D:2      | Reached XP level 3. HP: 33/33 MP: 3/3
  1311 | D:2      | Reached XP level 4. HP: 39/40 MP: 4/4
  1685 | D:2      | Reached skill level 4 in Long Blades
  1780 | D:3      | Reached skill level 1 in Stealth
  2069 | D:3      | Reached XP level 5. HP: 45/46 MP: 5/5
  2106 | D:3      | Found a snail-covered altar of Cheibriados.
  2106 | D:3      | Found a sparkling altar of Nemelex Xobeh.
  2213 | D:3      | Found a large runed translucent door.
  2219 | D:3      | Found a large runed translucent door.
  2230 | D:3      | Found a shadowy altar of Dithmenos.
  2238 | D:3      | Found an ancient bone altar of Kikubaaqudgha.
  2261 | D:3      | Reached skill level 1 in Unarmed Combat
  2301 | D:3      | Noticed Jessica
  2303 | D:3      | Noticed Natasha
  2303 | D:3      | Noticed Robin
  2307 | D:3      | Killed Jessica
  2309 | D:3      | Reached *** piety under Trog
  2311 | D:3      | Noticed Terence
  2315 | D:3      | Killed Natasha
  2323 | D:3      | Killed Terence
  2336 | D:3      | Killed Robin
  2483 | D:3      | Gained mutation: You sometimes lose the ability to read
                  | scrolls when taking damage. [potion of mutation]
  2483 | D:3      | Gained mutation: Potions are less effective at restoring
                  | your health. [potion of mutation]
  2483 | D:3      | Gained mutation: Your large and strong wings let you fly.
                  | [potion of mutation]
  2616 | D:3      | Lost mutation: Your large and strong wings let you fly.
                  | [potion of mutation]
  2616 | D:3      | Lost mutation: You sometimes lose the ability to read
                  | scrolls when taking damage. [potion of mutation]
  2616 | D:3      | Lost mutation: Potions are less effective at restoring your
                  | health. [potion of mutation]
  2616 | D:3      | Gained mutation: Your body sometimes deteriorates upon
                  | taking damage. [potion of mutation]
  2616 | D:3      | Gained mutation: You are agile. (Dex +2) [potion of
                  | mutation]
  2616 | D:3      | Gained mutation: Your flesh is cold resistant. (rC+)
                  | [potion of mutation]
  2679 | D:3      | Reached XP level 6. HP: 52/52 MP: 6/6
  2960 | D:4      | Reached skill level 5 in Long Blades
  3068 | D:4      | Found a broken altar of Ashenzari.
  3678 | D:4      | Noticed an orc warrior
  3695 | D:4      | Killed an orc warrior
  3696 | D:4      | Your scales start taking on a dull iron-grey colour.
  3696 | D:4      | Reached XP level 7. HP: 45/60 MP: 7/7
  3951 | D:4      | Reached skill level 6 in Long Blades
  4351 | D:5      | Entered Level 5 of the Dungeon
  4675 | D:5      | Identified the +9 quarterstaff of Equilibrium {flame, rElec
                  | rF- Dex+5}
  4681 | D:5      | Found a white marble altar of Elyvilon.
  4681 | D:5      | Found a glowing silver altar of Zin.
  4681 | D:5      | Found a glowing golden altar of the Shining One.
  4716 | D:5      | Reached **** piety under Trog
  4945 | D:5      | Found a staircase to the Ecumenical Temple.
  5191 | D:6      | Reached skill level 1 in Throwing
  5224 | D:6      | Reached skill level 5 in Fighting
  5228 | D:6      | Reached XP level 8. HP: 55/68 MP: 8/8
  5729 | D:6      | Reached skill level 7 in Long Blades
  6035 | D:6      | Noticed Grinder
  6044 | D:6      | Paralysed by Grinder for 2 turns
  6060 | D:6      | Killed Grinder
  6061 | D:6      | Reached skill level 5 in Dodging
  6673 | D:7      | Found a shimmering altar of Xom.
  6699 | D:7      | Reached skill level 8 in Long Blades
  6792 | D:7      | Reached XP level 9. HP: 37/75 MP: 9/9
  7113 | D:7      | Reached skill level 1 in Evocations
  7945 | D:8      | Found a hide-covered altar of Uskayaw.
  7945 | D:8      | Noticed a +0 dagger
  7946 | D:8      | Noticed a +0 hand axe
  7948 | D:8      | Identified the +8 mace of Liriqaot {freeze, rElec rPois
                  | rN+}
  7983 | D:8      | Found an opulent altar of Gozag.
  7998 | D:8      | Reached skill level 9 in Long Blades
  8507 | D:9      | Noticed a six-headed hydra
  8550 | D:9      | Killed a nine-headed hydra
  8821 | D:9      | Reached skill level 1 in Shields
  8821 | D:9      | Reached XP level 10. HP: 83/84 MP: 10/10
  9204 | D:9      | Noticed a cyclops
  9213 | D:9      | Killed a cyclops
  9217 | D:9      | Noticed a centaur warrior
  9222 | D:9      | Noticed a centaur warrior
  9232 | D:9      | Killed a centaur warrior
  9233 | D:9      | Reached skill level 10 in Long Blades
  9239 | D:9      | Killed a centaur warrior
  9240 | D:9      | Reached skill level 5 in Stealth
  9301 | D:9      | Noticed a boulder beetle
  9323 | D:9      | Killed a boulder beetle
  9324 | D:9      | Reached skill level 5 in Unarmed Combat
  9640 | D:9      | Found a transporter.
  9756 | D:9      | Noticed a two-headed ogre
  9766 | D:9      | Killed a two-headed ogre
  9767 | D:9      | Reached XP level 11. HP: 92/92 MP: 11/11
  9782 | D:9      | Identified the +11 short sword "Mewkuel" {antimagic,
                  | *Corrode Fly rPois rF+}
  9793 | D:9      | Found a transporter.
  9873 | D:9      | Noticed a boulder beetle
  9900 | D:9      | HP: 4/92 [boulder beetle (6)]
 10371 | D:9      | Found an iron altar of Okawaru.
 10613 | D:9      | Killed a boulder beetle
 10725 | D:10     | Entered Level 10 of the Dungeon
 10736 | D:10     | Found a staircase to the Lair.
 11224 | D:10     | Found a sacrificial altar of Ru.
 11904 | D:10     | Reached skill level 11 in Long Blades
 12229 | Lair:1   | Entered Level 1 of the Lair of Beasts
 13294 | Lair:2   | Reached skill level 5 in Throwing
 13294 | Lair:2   | Reached XP level 12. HP: 102/102 MP: 12/12
 13409 | Lair:2   | Found a staircase to the Shoals.
 13432 | Lair:2   | Reached skill level 5 in Evocations
 13876 | Lair:2   | Noticed Nergalle
 13894 | Lair:2   | Killed Nergalle
 14050 | Lair:2   | Found a transporter.
 14058 | Lair:2   | Noticed Nymaqeth's ghost (journeyman DDEE)
 14062 | Lair:2   | Noticed a cacodemon
 14065 | Lair:2   | Found a transporter.
 14066 | Lair:2   | Found a one-way gate to the infinite horrors of the Abyss.
 14360 | Lair:2   | Noticed Sonja
 14374 | Lair:2   | Killed Sonja
 14821 | Shoals:1 | Entered Level 1 of the Shoals
 14837 | Shoals:1 | Reached skill level 12 in Long Blades
 14839 | Shoals:1 | HP: 1/154 [harpy (11)]
 14839 | Shoals:1 | Slain by a harpy

Illustrated notes

Levels and vault maps discovered:
D:1:      scummos_arrival_checkerplants, layout_basic, minmay_crystal_room,
          kennysheep_flooded_box
D:2:      layout_basic, nicolae_ecumenical_pavilion, kennysheep_nondescript
D:3:      layout_basic, jmf_multi_god_temple2, gammafunk_temple_overflow_wave,
          serial_aquarium, aquarium_bridge_square [aquarium_subvault_wall,
          aquarium_subvault_window, aquarium_subvault_bridge,
          aquarium_subvault_window], aquarium_bridge_long_separate
          [aquarium_subvault_window, aquarium_subvault_bridge,
          aquarium_subvault_bridge, aquarium_subvault_bridge,
          aquarium_subvault_bridge, aquarium_subvault_wall],
          aquarium_window_corner, aquarium_window_1, aquarium_view_2c,
          aquarium_view_2e, minmay_increasing_density, uniq_natasha,
          uniq_jessica, uniq_terence, uniq_robin, uniq_sigmund
D:4:      layout_layer_cave, mainiacjoe_overflow_alcove_2
D:5:      layout_rooms, good_gods_mini_temple, minmay_temple_entry_nine_rooms
D:6:      layout_loops_corners, uniq_grinder
D:7:      layout_rooms, xom_confusion_cloud
D:8:      layout_basic, nicolae_gozag_cash_rules_everything_around_me,
          dancing_weapons_uskayaw
D:9:      gammafunk_steamed_eel, layout_basic, okawaru_altar_gauntlet_db,
          minmay_shattered_shrine
D:10:     layout_irregular_city, mainiacjoe_overflow_concentric_impassable,
          erik_lair_orcish_takeover, minmay_crystal_water
Lair:1:   layout_chaotic_city
Lair:2:   layout_regular_city, elwin_shoals_entry_stream,
          gammafunk_ghost_abyssal_escape, grunt_megastairs_4,
          serial_bayou_shore_b, uniq_nergalle, uniq_sonja
Shoals:1: argonaut_golden_fleece, layout_shoals, nicolae_shoals_so_close,
          uniq_louise

Skill      XL: |  1  2  3  4  5  6  7  8  9 10 11 12 |
---------------+-------------------------------------+-----
Dodging        | 3 4 5 6 7 8 |  8.5
Long Blades    | 4 5 6 8 9 10 11 12 | 12.0
Stealth        | 1 2 3 4 5 6 |  6.8
Fighting       | 4 5 6 7 8 |  8.7
Unarmed Combat | 1 2 3 4 5 6 |  6.5
Throwing       | 1 2 3 5 |  5.9
Evocations     | 2 3 4 5 |  5.4
Shields        | 1 2 4 |  4.7

Action                   |  1- 3 |  4- 6 |  7- 9 | 10-12 || total
-------------------------+-------+-------+-------+-------++-------
Melee: Falchion          |   106 |   162 |   301 |   462 ||  1031
       Tailslap          |     8 |    13 |    52 |    76 ||   149
       Punch             |       |     2 |     7 |       ||     9
Throw: Dart              |       |       |    15 |    29 ||    44
       Throwing net      |       |       |     4 |     2 ||     6
       Boomerang         |       |       |     1 |    65 ||    66
Invok: Berserk           |     1 |     4 |     8 |    17 ||    30
       Brothers in Arms  |       |       |     2 |       ||     2
Evoke: Wand              |       |       |    12 |    30 ||    42
  Use: Scroll            |     3 |     8 |    14 |    10 ||    35
       Potion            |     1 |     2 |     7 |     3 ||    13
 Stab: Sleeping          |       |     5 |     6 |     5 ||    16
       Held in net/web   |       |       |     2 |     2 ||     4
       Paralysed         |       |       |       |     9 ||     9
Armor: Skin              |    21 |    95 |   110 |   171 ||   397
Dodge: Dodged            |    69 |   143 |   205 |   312 ||   729
Block: Buckler           |       |       |     7 |   115 ||   122
